 Dungeon Crawl Stone Soup version 0.24.0-2-g5b39cebb1c (webtiles) character file.

Game seed: 1623334850048887226, levelgen mode: deterministic

36 Esekla the Skirmisher (level 3, -3/26 HPs)
             Began as a Vampire Abyssal Knight on Oct 30, 2019.
             Was a Follower of Lugonu.
             Killed from afar by Natasha (7 damage)
             ... with a magic dart
             ... on level 1 of the Dungeon.
             The game lasted 00:07:08 (1502 turns).

Esekla the Skirmisher (Vampire Abyssal Knight)      Turns: 1502, Time: 00:07:08

Health: -3/26      AC:  3    Str: 11    XL:     3   Next: 19%
Magic:  4/4        EV: 12    Int: 19    God:    Lugonu [*.....]
Gold:   98         SH:  0    Dex: 14    Spells: 4/4 levels left

rFire    . . .     SeeInvis +   a - +1 falchion
rCold    . . .     Gourm    .   (no shield)
rNeg     . . .     Faith    .   b - +0 leather armour
rPois    +         Spirit   .   (no helmet)
rElec    .         Reflect  .   (no cloak)
rCorr    .         Harm     .   (no gloves)
MR       .....                  (no boots)
Stlth    +.........             (no amulet)
HPRegen  0.28/turn              g - ring of poison resistance
MPRegen  0.09/turn              (no ring)

@: brilliant, regenerating quickly
A: no food, fangs 3, see invisible, [frail 1], unbreathing
a: Exsanguinate, Depart the Abyss, Renounce Religion


You were on level 1 of the Dungeon.
You worshipped Lugonu.
Lugonu was aware of your devotion.
You were alive.

You visited 1 branch of the dungeon, and saw 2 of its levels.
You visited the Abyss 1 time.

You collected 98 gold pieces.

Inventory:

Hand Weapons
 a - a +1 falchion (weapon)
 i - a +0 short sword
Armour
 b - a +0 leather armour (worn)
Jewellery
 g - a ring of poison resistance (left hand)
Scrolls
 c - a scroll of fog {unknown}
 d - a scroll of acquirement {unknown}
 h - a scroll of identify {unknown}
Potions
 e - a potion of brilliance


   Skills:
 + Level 3.0 Fighting
 * Level 2.6 Long Blades
 + Level 1.1 Armour
 + Level 2.2 Dodging
 + Level 0.8 Stealth
 * Level 1.0 Spellcasting
 + Level 1.7 Invocations


You had 4 spell levels left.
You didn't know any spells.
Your spell library contained the following spells:

 Spells                   Type           Power        Failure   Level  Hunger
 Animate Skeleton         Necr           N/A          3%          1    N/A
 Apportation              Tloc           ##....       3%          1    N/A
 Confusing Touch          Hex            ##....       3%          1    N/A
 Summon Small Mammal      Summ           ##..         3%          1    N/A

Dungeon Overview and Level Annotations

Branches:
Dungeon (2/15)

Altars:

Annotations:
D:1 Natasha


Innate Abilities, Weirdness & Mutations

You do not eat.
Your natural rate of healing is unusually fast.
You have razor-sharp teeth.
You have supernaturally acute eyesight. (SInv)
You can survive without breathing.
[You are frail. (-10% HP)]


Message History

You closely miss Natasha.
Natasha is severely wounded.
Natasha misses you.
You barely miss Natasha.
Natasha is severely wounded.
Natasha casts a spell at you. The magic dart hits you.
You barely miss Natasha.
Natasha is severely wounded.
Natasha claws you. x2
* * * LOW HITPOINT WARNING * * *
You barely miss Natasha.
Natasha is severely wounded.
Natasha closely misses you.
You riposte.
You hit Natasha.
Natasha is severely wounded.
You closely miss Natasha. You bite Natasha, but do no damage.
Natasha is severely wounded.
Natasha stares at you and mumbles some strange words.
The magic dart hits you!
You die...

#...#...####...## #..## ##
#...+......##.## #.## #.
#...####.#.##.# #.# #.
#...# #.#.##.# #.# ###.
#...# #...##.######.###...
##### ##..##'#..........##
#..##.#.####.##.##.
#h.##...# ##.##..##
#.@####.# #........ #..#
#.# #.###...# #.#####.# #.#
##..# ##### #....##.###.#
#... #...# #.....#.##..#
#...
#...###########.......#..##
##..
'...'...................##
###
#...#####################
#...#


You could see Natasha.

Vanquished Creatures
  An adder (D:2)
  A dart slug (D:1)
  2 leopard geckos (D:1)
  2 hobgoblins (D:1)
  4 jackals
  3 kobolds (D:1)
  A ball python (D:1)
  5 bats (D:1)
  2 frilled lizards (D:1)
  2 goblins (D:1)
23 creatures vanquished.

Notes
Turn   | Place    | Note
-------+----------+-------------------------------------------
     0 | Abyss:1  | Esekla the Vampire Abyssal Knight began the quest for the
                  | Orb.
     0 | Abyss:1  | Reached XP level 1. HP: 17/17 MP: 2/2
   110 | Abyss:2  | Noticed a small abomination
   141 | Abyss:2  | Noticed a small abomination
   162 | Abyss:2  | Noticed a ynoxinul
   162 | Abyss:2  | Noticed a large abomination
   184 | D:1      | Escaped the Abyss
   729 | D:1      | Reached XP level 2. HP: 18/18 MP: 3/3
   806 | D:1      | Reached * piety under Lugonu
   824 | D:1      | Reached skill level 3 in Fighting
  1425 | D:2      | Noticed Natasha
  1426 | D:2      | Reached skill level 1 in Armour
  1426 | D:2      | Reached XP level 3. HP: 23/26 MP: 4/4
  1427 | D:2      | Reached skill level 1 in Spellcasting
  1502 | D:1      | Killed from afar by Natasha

Levels and vault maps discovered:
D:1:      evilmike_arrival_plus, layout_basic, minmay_hexomino_u4
D:2:      layout_loops_ring, chequers_serial_rivers_large_a, uniq_natasha,
          uniq_jessica, uniq_terence

Skill      XL: |  1  2  3 |
---------------+----------+-----
Fighting       | 3 |  3.0
Armour         | 1 |  1.1
Spellcasting   | 1 |  1.0
Long Blades    | |  2.6
Dodging        | |  2.2
Stealth        | |  0.8
Invocations    | |  1.7

Action                   || total
-------------------------++-------
Melee: Falchion          ||    65
       Bite              ||     7
Invok: Depart the Abyss  ||     1
 Abil: Exsanguinate      ||     1
       Revivify          ||     1
  Use: Potion            ||     2
 Stab: Sleeping          ||     5
Armor: Leather armour    ||    16
Dodge: Dodged            ||    59
       Rpst.: Falchion   ||    14
